 Dungeon Crawl Stone Soup version 0.31.0-11-ge490571c62 (webtiles) character file.

Game seed: 2341109077669388252

73 Ashen the Sneak (level 4, -1/32 HPs)
             Began as a Gnoll Enchanter on Feb 3, 2024.
             Killed by divine providence
             ... invoked by an orc priest
              (13 damage)
             ... on level 3 of the Dungeon.
             The game lasted 00:03:04 (1243 turns).

Ashen the Sneak (Gnoll Enchanter)                   Turns: 1243, Time: 00:03:05

Health: -1/32      AC:  2    Str:  7    XL:     4   Next: 27%
Magic:  3/11       EV: 14    Int: 14    God:
Gold:   36         SH:  0    Dex: 15    Spells: 11/13 levels left

rFire   . . .        d - +0 short sword (elec)
rCold   . . .        (no shield)
rNeg    . . .        b - +0 robe
rPois   .            (no helmet)
rElec   .            e - scarf {+Inv}
rCorr   .            (no gloves)
SInv    .            (no boots)
Will    .....        (no amulet)
Stlth   +++          (no ring)
HPRegen 0.25/turn    (no ring)
MPRegen 0.12/turn

%: no passive effects
@: no status effects
A: fangs 1, strong nose, distributed training
a: Evoke Invisibility


You were on level 3 of the Dungeon.
You visited 1 branch of the dungeon, and saw 3 of its levels.

You collected 36 gold pieces.

Inventory:

Hand Weapons
 a - a +1 dagger
 d - a +0 short sword of electrocution (weapon)
Armour
 b - a +0 robe (worn)
 e - a scarf of invisibility (worn)
Jewellery
 j - a +6 ring of dexterity
Scrolls
 f - a scroll of identify {unknown}
 i - a scroll of noise {unknown}
 k - a scroll of enchant armour {unknown}
Potions
 c - a potion of invisibility
 g - a potion of attraction {unknown}
 h - 2 potions of magic {unknown}


   Skills:
 + Level 1.1 Fighting
 + Level 2.7 Short Blades
 + Level 1.1 Long Blades
 + Level 1.1 Axes
 + Level 1.1 Maces & Flails
 + Level 1.1 Polearms
 + Level 1.1 Staves
 + Level 1.1 Ranged Weapons
 + Level 1.1 Throwing
 + Level 1.1 Armour
 + Level 4.6 Dodging
 + Level 6.0 Stealth
 + Level 1.1 Shields
 + Level 1.1 Unarmed Combat
 + Level 5.1 Spellcasting
 + Level 0.9 Conjurations
 + Level 5.4 Hexes
 + Level 0.9 Summonings
 + Level 0.9 Necromancy
 + Level 0.9 Translocations
 + Level 0.9 Fire Magic
 + Level 0.9 Ice Magic
 + Level 0.9 Air Magic
 + Level 0.9 Earth Magic
 + Level 0.9 Alchemy
 + Level 1.2 Invocations
 + Level 1.1 Evocations
 + Level 1.0 Shapeshifting


You had 11 spell levels left.
You knew the following spells:

 Your Spells              Type           Power      Damage    Failure   Level
a - Ensorcelled Hibernat  Hex/Ice        24%        N/A       7%          2

Your spell library contained the following spells:

 Spells                   Type           Power      Damage    Failure   Level
 Confusing Touch          Hex            18%        N/A       5%          3
 Tukima's Dance           Hex            18%        N/A       5%          3
 Dazzling Flash           Conj/Hex       24%        N/A       14%         3
 Cause Fear               Hex            9%         N/A       19%         4
 Swiftness                Air            6%         N/A       34%         3
 Dispel Undead            Necr           6%         3d8       75%         4
 Curse of Agony           Necr           6%         N/A       97%         5
 Fireball                 Conj/Fire      3%         3d4       97%         5
 Dragon's Call            Summ           3%         N/A       100%        9


Dungeon Overview and Level Annotations

Branches:
Dungeon (2/15)

Altars:


Innate Abilities, Weirdness & Mutations

You have very sharp teeth.
Your uncanny sense of smell can sniff out nearby items.
Your experience applies equally to all skills.


Message History

You have reached level 4!
You feel agile.
Casting: Ensorcelled Hibernation (safe; 7% risk of failure)
Confirm with . or Enter, or press ? or * to list all spells.
You don't have enough magic to cast this spell.
Unknown command.
You closely miss the orc. You bite the orc.
The orc is lightly wounded.
The orc barely misses you.
You hit the orc but do no damage.
The orc is lightly wounded.
The orc hits you with a +0 hand axe!
You closely miss the orc.
The orc is lightly wounded.
You hit the orc. Lightning courses through the orc!
You kill the orc!
You start resting.
An orc priest is nearby!
You start resting.
An orc priest is nearby!
The orc priest closely misses you.
You closely miss the orc priest. The orc priest barely misses you.
You closely miss the orc priest. The orc priest barely misses you.
Casting: Ensorcelled Hibernation (safe; 7% risk of failure)
Confirm with . or Enter, or press ? or * to list all spells.
Aiming: Ensorcelled Hibernation (safe; 7% risk of failure)
Press: ? - help, Shift-Dir - straight line, f - orc priest
Aim: an orc priest, wielding a +0 dagger (chance to affect: 46%)
Okay, then.
You hit the orc priest but do no damage.
The orc priest calls down the wrath of Beogh upon you.
Beogh smites you!
Casting: Ensorcelled Hibernation (safe; 7% risk of failure)
Confirm with . or Enter, or press ? or * to list all spells.
You don't know that spell.
You hit the orc priest.
The orc priest is moderately wounded.
The orc priest invokes the aid of Beogh against you.
Beogh smites you!
You die...

.................#
...#####.#.......#
...'.............#
...########>^....##
.............<...>#
...#########......##
#### #.###...# #
###+###...# #
#..).)#@..# #
#.....o#+## #
#.?....# # #.......
#.....##. ###### .#
. ∆.. ..


You could see an orc priest.

Vanquished Creatures
  An orc wizard (D:3)
  An adder (D:3)
  2 orcs (D:3)
  3 ball pythons
  An endoplasm (D:2)
  2 giant cockroaches
  2 goblins
  4 hobgoblins
  3 kobolds
  5 quokkas
  6 bats (D:1)
  2 frilled lizards (D:1)
  5 rats
37 creatures vanquished.

Notes
Turn   | Place    | Note
-------+----------+-------------------------------------------
     0 | D:1      | Ashen the Gnoll Enchanter began the quest for the Orb.
     0 | D:1      | Reached XP level 1. HP: 13/13 MP: 6/6
   164 | D:1      | Reached XP level 2. HP: 19/19 MP: 7/7
   206 | D:1      | Got the Opusculum on Ghoulish Electrocution
   215 | D:1      | Found a faded altar of an unknown god.
   234 | D:1      | Learned a level 2 spell: Ensorcelled Hibernation
   606 | D:1      | Reached skill level 5 in Spellcasting
   606 | D:1      | Reached XP level 3. HP: 24/24 MP: 7/9
   890 | D:2      | Reached skill level 6 in Stealth
  1029 | D:2      | You fall into a shaft and drop 1 floor!
  1054 | D:3      | Reached skill level 1 in Invocations
  1227 | D:3      | Reached skill level 1 in Fighting
  1227 | D:3      | Reached skill level 1 in Long Blades
  1227 | D:3      | Reached skill level 1 in Axes
  1227 | D:3      | Reached skill level 1 in Maces & Flails
  1227 | D:3      | Reached skill level 1 in Polearms
  1227 | D:3      | Reached skill level 1 in Staves
  1227 | D:3      | Reached skill level 1 in Ranged Weapons
  1227 | D:3      | Reached skill level 1 in Throwing
  1227 | D:3      | Reached skill level 1 in Armour
  1227 | D:3      | Reached skill level 1 in Shields
  1227 | D:3      | Reached skill level 1 in Unarmed Combat
  1227 | D:3      | Reached skill level 1 in Evocations
  1232 | D:3      | Reached skill level 1 in Shapeshifting
  1232 | D:3      | Reached XP level 4. HP: 28/32 MP: 1/11
  1243 | D:3      | Killed from afar by an orc priest

Illustrated notes

Levels and vault maps discovered:
D:1:      dpeg_arrival_leaves_temple_mockup, layout_loops_ring,
          chequers_ecumenical_altar_simple
D:2:      layout_basic, basic_altar, minmay_misc_feat_cross
D:3:      layout_basic, uniq_natasha

Skill      XL: |  1  2  3 |
---------------+----------+-----
Spellcasting   | 5 |  5.1
Stealth        | 6 |  6.0
Invocations    | 1 |  1.2
Fighting       | 1 |  1.1
Long Blades    | 1 |  1.1
Axes           | 1 |  1.1
Maces & Flails | 1 |  1.1
Polearms       | 1 |  1.1
Staves         | 1 |  1.1
Ranged Weapons | 1 |  1.1
Throwing       | 1 |  1.1
Armour         | 1 |  1.1
Shields        | 1 |  1.1
Unarmed Combat | 1 |  1.1
Evocations     | 1 |  1.1
Shapeshifting  | 1 |  1.0
Short Blades   | |  2.7
Dodging        | |  4.6
Conjurations   | |  0.9
Hexes          | |  5.4
Summonings     | |  0.9
Necromancy     | |  0.9
Translocations | |  0.9
Fire Magic     | |  0.9
Ice Magic      | |  0.9
Air Magic      | |  0.9
Earth Magic    | |  0.9
Alchemy        | |  0.9

Action                     |  1- 3 |  4- 6 || total
---------------------------+-------+-------++-------
  Melee: Dagger            |     9 |       ||     9
         Short sword       |    72 |     8 ||    80
         Bite              |     5 |     1 ||     6
   Cast: Ensorcelled Hiber |    16 |       ||    16
    Use: Potion            |     1 |       ||     1
   Stab: Sleeping          |    19 |       ||    19
         Invisible         |     2 |       ||     2
         Distracted        |     1 |       ||     1
 Armour: Robe              |    36 |     1 ||    37
  Dodge: Dodged            |    38 |     4 ||    42
